 Dungeon Crawl Stone Soup version 0.20.0 (webtiles) character file.

114 Danakh the Chopper (level 4, -4/28 HPs)
             Began as a Tengu Warper on May 31, 2017.
             Killed from afar by Natasha (8 damage)
             ... with a magic dart
             ... on level 2 of the Dungeon.
             The game lasted 00:04:51 (2628 turns).

Danakh the Chopper (Tengu Warper)                   Turns: 2628, Time: 00:04:52

Health: -4/28      AC:  8    Str: 13    XL:     4   Next: 98%
Magic:  8/8        EV:  6    Int: 13    God:
Gold:   105        SH:  0    Dex: 13    Spells: 5/7 levels left

rFire    . . .     SeeInvis .   a - +0 hand axe
rCold    . . .     Gourm    .   (no shield)
rNeg     . . .     Faith    .   k - +0 chain mail
rPois    .         Spirit   .   (helmet restricted)
rElec    .         Reflect  .   (no cloak)
rCorr    .         Harm     .   (no gloves)
MR       .....                  (boots unavailable)
Stlth    ..........             (no amulet)
Regen    0.1/turn               (no ring)
MPRegen  0.2/turn               (no ring)

@: no status effects
A: beak, talons 3
a: no special abilities


You were on level 2 of the Dungeon.
You were not hungry.

You visited 1 branch of the dungeon, and saw 2 of its levels.

You collected 105 gold pieces.

Inventory:

Hand Weapons
 a - a +0 hand axe (weapon)
Missiles
 e - 5 tomahawks of dispersal (quivered)
Armour
 b - a +0 leather armour
 k - a +0 chain mail (worn)
Scrolls
 d - a scroll of blinking
 i - a scroll of identify {unknown}
 p - 3 scrolls of remove curse {unknown}
Potions
 g - 2 potions of brilliance {unknown}
 h - 2 potions of curing {unknown}
 l - a potion of cancellation {unknown}
 m - a potion of flight {unknown}
 n - a potion of mutation {unknown}
 o - a potion of haste {unknown}
 q - a potion of heal wounds {unknown}
Books
 c - a book of Spatial Translocations

   Spells                             Type                      Level
   a - Blink                          Translocation                2
   b - Shroud of Golubria             Charms/Translocation         2
   c - Lesser Beckoning               Translocation                3
   d - Gell's Gravitas                Translocation                3
   e - Teleport Other                 Translocation                3
   f - Passage of Golubria            Translocation                4
Comestibles
 f - 3 bread rations
 j - a fruit
 r - a meat ration
 s - a chunk of flesh


   Skills:
 + Level 3.1 Fighting
 * Level 3.5 Axes
 - Level 1.0 Throwing
 + Level 2.4 Armour
 + Level 2.9 Dodging
 - Level 2.0 Spellcasting
 - Level 2.4 Translocations


You had 5 spell levels left.
You knew the following spells:

 Your Spells              Type           Power        Failure   Level  Hunger
b - Blink                 Tloc           N/A          99%         2    ###....


Dungeon Overview and Level Annotations

Branches:
Dungeon (2/15)

Altars:

Annotations:
D:2 Natasha


Innate Abilities, Weirdness & Mutations

You have a beak for a mouth.
You have claws for feet.


Message History

Natasha is moderately wounded.
Natasha claws you. Natasha claws you but does no damage.
Your chain mail prevents you from hitting Natasha.
Natasha is moderately wounded.
Natasha claws you!
You are too injured to fight recklessly!
You are too injured to fight recklessly!
You are too injured to fight recklessly!
You hit Natasha but do no damage.
Natasha is moderately wounded.
Natasha closely misses you.
You hit Natasha but do no damage. You claw Natasha. Your peck misses Natasha.
Natasha is heavily wounded.
The crimson imp blinks!
Natasha claws you!
* * * LOW HITPOINT WARNING * * *
You hit Natasha.
Natasha is almost dead.
Natasha casts a spell at you. The magic dart hits you!
You die...

##.........###............#)###
#...........##...........##<..###
#................>.......####....
#............#####.####..# #..##
##.........### #ยง# ..## ##..#
##...#.....## #.##..## #...#
######.#...####.....# #(.#.#
#...#.....h5### #..##.#
##..####.@#...# #.# #.# #..#
##)## . ... #.## #...##..# .##
#..# ##.....## ...######..
#.#...# #. ...# ##. #.##..? ..
#.# #. ..#.# .##..#### ..# ..
..#.>).. ..# #.# #.###...


You could see Natasha and a crimson imp.

Vanquished Creatures
  Natasha (D:2)
  4 adders
  3 worms (D:2)
  2 dart slugs (D:1)
  A leopard gecko (D:2)
  2 giant cockroaches
  4 goblins
  7 hobgoblins
  4 kobolds
  A quokka (D:2)
  5 bats
  2 frilled lizards (D:1)
  4 rats
40 creatures vanquished.

Notes
Turn   | Place    | Note
-------+----------+-------------------------------------------
     0 | D:1      | Danakh the Tengu Warper began the quest for the Orb.
     0 | D:1      | Reached XP level 1. HP: 12/12 MP: 4/4
   269 | D:1      | Reached XP level 2. HP: 17/17 MP: 6/6
   273 | D:1      | Learned a level 2 spell: Blink
   933 | D:2      | Reached XP level 3. HP: 13/22 MP: 7/7
  1915 | D:2      | Noticed Natasha
  1923 | D:2      | Killed Natasha
  1923 | D:2      | Reached XP level 4. HP: 13/27 MP: 8/8
  2620 | D:2      | Noticed Natasha
  2628 | D:2      | Killed from afar by Natasha

Skill      XL: |  1  2  3  4 |
---------------+-------------+-----
Axes           | 3 |  3.5
Armour         | 2 |  2.4
Fighting       | 3 |  3.1
Throwing       | |  1.0
Dodging        | |  2.9
Spellcasting   | |  2.0
Translocations | |  2.4

Action                   |  1- 3 |  4- 6 || total
-------------------------+-------+-------++-------
Melee: Hand axe          |   124 |    47 ||   171
       Kick              |    39 |    10 ||    49
       Peck              |    21 |     6 ||    27
  Eat: Chunk             |     2 |     4 ||     6
Armor: Chain mail        |    59 |    29 ||    88
       Leather armour    |     4 |       ||     4
Dodge: Dodged            |    47 |    14 ||    61
